 Dungeon Sprint DCSS version 0.30.1-4-g462c640d31 (webtiles) character file.

Game seed: 12138862166272614203

9673 Heoruswealwe the Ninja (level 11, -3/53 HPs)
             Began as a Spriggan Artificer on Aug 30, 2023.
             Was an Initiate of Gozag.
             Slain by a demonic crawler (15 damage)
             ... in the Dungeon (Sprint I: "Red Sonja").
             The game lasted 00:20:24 (1008 turns).

Heoruswealwe the Ninja (Spriggan Artificer)         Turns: 1008, Time: 00:20:24

Health: -3/53      AC:  4    Str:  8    XL:     11   Next: 26%
Magic:  12/12      EV: 34    Int: 12    God:    Gozag
Gold:   1533       SH:  0    Dex: 21    Spells: 10/10 levels left

rFire   + . .        a - +1 rapier (venom)
rCold   + . .        (no shield)
rNeg    . . .        c - +2 robe {rC+ rF+}
rPois   .            (helmet restricted)
rElec   .            h - scarf {+Inv}
rCorr   .            (gloves unavailable)
SInv    +            (boots unavailable)
Will    +....        (no amulet)
Stlth   ++++         (no ring)
HPRegen 0.28/turn    (no ring)
MPRegen 0.13/turn

%: no teleportation
@: confused, very quick
A: very small, no large weapons, unfitting armour, see invisible, speed 3
a: Renounce Religion, Evoke Invisibility, Potion Petition, Call Merchant, Bribe
Branch


You were in the Dungeon.
You worshipped Gozag.
Gozag was most pleased with you.
You visited 1 branch You collected 3451 gold pieces.
You spent 592 gold pieces at shops.
You donated 38 gold pieces to Zin.
You paid 1288 gold pieces to Gozag.

Inventory:

Hand Weapons
 a - a +1 rapier of venom (weapon)
Armour
 c - a +2 robe of resistance (worn)
 h - a scarf of invisibility (worn)
Wands
 d - a wand of charming (2)
 l - a wand of digging (6)
Scrolls
 b - 2 scrolls of fog
 e - a scroll of immolation
 k - a scroll of blinking
 o - a scroll of fear {unknown}
Potions
 f - 7 potions of curing
 g - a potion of heal wounds
 i - 2 potions of magic
 j - a potion of berserk rage
 m - a potion of attraction {unknown}
 n - 2 potions of flight {unknown}
 p - 2 potions of lignification {unknown}
 q - a potion of haste
 r - a potion of might {unknown}


   Skills:
 + Level 3.8 Fighting
 + Level 4.9 Short Blades
 + Level 18.3 Dodging
 O Level 27 Stealth
 + Level 18.4 Evocations


You had 10 spell levels left.
You didn't know any spells.
Your spell library was empty.

Dungeon Overview and Level Annotations

Branches:
Dungeon (1/1)

Altars:
Cheibriados
Dithmenos
Elyvilon
Fedhas
Gozag
Hepliaklqana
Kikubaaqudgha
Makhleb
Nemelex Xobeh
Okawaru
Qazlal
Ru
Sif Muna
Trog
Uskayaw
Vehumet
Wu Jian
Xom
Yredelemnul
Zin
The Shining One
Jiyva
Lugonu

Shops:
D [:![[([[((*!=[*=*[(([[(


Innate Abilities, Weirdness & Mutations

You are very small and have problems with some larger weapons.
You are too small for most types of armour.
You have supernaturally acute eyesight. (SInv)
You cover ground extremely quickly. (Speed+++)


Message History

The demonic crawler closely misses you.
You are engulfed in noxious fumes.
You are engulfed in noxious fumes.
You barely miss the demonic crawler.
You are engulfed in noxious fumes.
You choke on the stench!
You are confused.
The demonic crawler barely misses you.
The demonic crawler completely misses you. x2
You are engulfed in noxious fumes.
You choke on the stench!
You are more confused.
The demonic crawler misses you. x2
The demonic crawler completely misses you.
You bump into the closed door.
You are engulfed in noxious fumes.
The demonic crawler completely misses you. x3
You bump into the closed door.
You are engulfed in noxious fumes.
The demonic crawler closely misses you. The demonic crawler hits you!
* * * LOW HITPOINT WARNING * * *
The demonic crawler misses you.
The demonic crawler completely misses you.
The demonic crawler barely misses you.
The demonic crawler completely misses you.
You closely miss the demonic crawler.
You are engulfed in noxious fumes.
You choke on the stench!
You are more confused.
The demonic crawler hits you but does no damage.
The demonic crawler completely misses you.
The demonic crawler misses you.
You bump into the stone wall.
You are engulfed in noxious fumes.
You choke on the stench!
You are more confused.
The demonic crawler completely misses you. x2
The demonic crawler hits you.
* * * LOW HITPOINT WARNING * * *
You barely miss the demonic crawler.
You are engulfed in noxious fumes.
The demonic crawler completely misses you. x2
The demonic crawler misses you.
You hit the demonic crawler but do no damage.
You are engulfed in noxious fumes.
The demonic crawler hits you!
You die...
Your body crumbles into a pile of gold.

##(#__####)..'..#$
.#[####§.#####..+$ $
##.#~~~§)#..##+####
$ $$$
#_.+§§§§.+..#☼○○..#
$ $
.._#~§§§)#..#.○○..+
$$$ $
.#'##+#####'###°○.#
$
'#.#...)###.+.#°.○#
$
.####'###.###.#s○##
..'.....'[∩##.#°@#
$$
..###.#######.##+#$$
$$ $ .###.......##§#


$$$$$$$$$ '#.#........+.# $$$$$$$$$ ...#'''######§# $$$$$$ )..#........#§# $$$
####.......#+§# $$ ..[.......~####$ ....∩∩...~~# You could see a demonic crawler
(poisoned).

Vanquished Creatures
  2 centaur warriors (D)
  Sonja (D)
  A deep troll (D)
  An oklob plant (D)
  8 shining eyes (D)
  A gargoyle (D)
  2 demonic crawlers (D)
  2 unseen horrors (D)
  2 kobold demonologists (D)
  A hornet (D)
  A slime creature (D)
  Sigmund (D)
  A yak (D)
  2 redbacks (D)
  6 floating eyes (D)
  An ogre (D)
  2 necrophages (D)
  7 jellies (D)
  Ijyb (D)
43 creatures vanquished.

Vanquished Creatures (collateral kills)
  A necrophage (D)
1 creature vanquished.

Vanquished Creatures (others)
  A demonic crawler (D)
  4 necrophages (D)
  A jelly (D)
  2 ballistomycete spores (D)
8 creatures vanquished.

Grand Total: 52 creatures vanquished

Notes
Turn   | Place    | Note
-------+----------+-------------------------------------------
     0 | D        | Heoruswealwe the Spriggan Artificer began the quest for the
                  | Orb.
     0 | D        | Reached XP level 1. HP: 9/9 MP: 2/2
     1 | D        | Noticed Ijyb
     5 | D        | Killed Ijyb
     6 | D        | Reached skill level 6 in Stealth
     6 | D        | Reached skill level 5 in Evocations
     6 | D        | Reached XP level 2. HP: 14/14 MP: 3/3
    29 | D        | Noticed an ogre
    40 | D        | Killed an ogre
    41 | D        | Reached skill level 10 in Stealth
    41 | D        | Reached XP level 3. HP: 17/17 MP: 4/4
    41 | D        | Reached XP level 4. HP: 21/21 MP: 5/5
    57 | D        | Noticed Sigmund
    64 | D        | Killed Sigmund
    65 | D        | Reached skill level 13 in Stealth
    65 | D        | Reached XP level 5. HP: 14/25 MP: 6/6
    65 | D        | Reached XP level 6. HP: 16/29 MP: 7/7
   129 | D        | Found an ornate altar of the Wu Jian Council.
   129 | D        | Found a shimmering blue altar of Sif Muna.
   132 | D        | Found a radiant altar of Vehumet.
   135 | D        | Reached skill level 14 in Stealth
   161 | D        | Found Rautod's Armour Emporium.
   161 | D        | Found an ancient bone altar of Kikubaaqudgha.
   161 | D        | Found a hazy altar of Hepliaklqana.
   161 | D        | Found a stormy altar of Qazlal.
   161 | D        | Found a hide-covered altar of Uskayaw.
   161 | D        | Found a blossoming altar of Fedhas.
   161 | D        | Found a bloodstained altar of Trog.
   161 | D        | Found an iron altar of Okawaru.
   161 | D        | Found a basalt altar of Yredelemnul.
   161 | D        | Found a glowing golden altar of the Shining One.
   161 | D        | Found a snail-covered altar of Cheibriados.
   161 | D        | Found a sacrificial altar of Ru.
   161 | D        | Found a glowing silver altar of Zin.
   161 | D        | Found a shadowy altar of Dithmenos.
   161 | D        | Found a white marble altar of Elyvilon.
   161 | D        | Noticed a yak
   171 | D        | Killed a yak
   172 | D        | Reached skill level 10 in Dodging
   172 | D        | Reached skill level 15 in Stealth
   172 | D        | Reached skill level 10 in Evocations
   175 | D        | Found an opulent altar of Gozag.
   176 | D        | Found a sparkling altar of Nemelex Xobeh.
   181 | D        | Became a worshipper of Zin the Law-Giver
   181 | D        | Reached * piety under Zin
   181 | D        | Reached ** piety under Zin
   181 | D        | Reached *** piety under Zin
   181 | D        | Reached **** piety under Zin
   181 | D        | Reached ***** piety under Zin
   181 | D        | Reached ****** piety under Zin
   190 | D        | Noticed Sonja
   196 | D        | Killed Sonja
   197 | D        | Reached skill level 18 in Stealth
   197 | D        | Reached XP level 7. HP: 32/32 MP: 8/8
   226 | D        | Found Xes Nurgh's Antique Armour Boutique.
   236 | D        | Noticed a shining eye
   236 | D        | Noticed a shining eye
   236 | D        | Noticed a shining eye
   236 | D        | Noticed a shining eye
   236 | D        | Noticed a shining eye
   236 | D        | Noticed a shining eye
   239 | D        | Reached XP level 8. HP: 37/37 MP: 9/9
   239 | D        | Noticed a shining eye
   239 | D        | Noticed a shining eye
   242 | D        | Reached skill level 19 in Stealth
   248 | D        | Paralysed by a floating eye for 3 turns
   272 | D        | Killed a shining eye
   273 | D        | Reached skill level 20 in Stealth
   285 | D        | Killed a shining eye
   286 | D        | Reached skill level 21 in Stealth
   286 | D        | Reached XP level 9. HP: 40/40 MP: 10/10
   300 | D        | Killed a shining eye
   301 | D        | Reached skill level 22 in Stealth
   312 | D        | Killed a shining eye
   326 | D        | Killed a shining eye
   327 | D        | Reached skill level 23 in Stealth
   327 | D        | Reached skill level 15 in Evocations
   338 | D        | Killed a shining eye
   339 | D        | Reached skill level 15 in Dodging
   354 | D        | Killed a shining eye
   355 | D        | Reached skill level 24 in Stealth
   355 | D        | Reached XP level 10. HP: 44/44 MP: 11/11
   359 | D        | Killed a shining eye
   373 | D        | Fell from the grace of Zin
   373 | D        | Became a worshipper of Gozag Ym Sagoz the Greedy
   469 | D        | Found Dow Kiv's Armour Shop.
   469 | D        | Found Wucrussa's Distillery.
   469 | D        | Found Qaxziof's Antique Weapon Boutique.
   470 | D        | Found Ytsiass's Book Shoppe.
   502 | D        | Noticed a deep troll
   506 | D        | Killed a deep troll
   507 | D        | Reached skill level 25 in Stealth
   517 | D        | Found Uros's Armour Emporium.
   539 | D        | Noticed a centaur warrior
   540 | D        | Noticed a centaur warrior
   543 | D        | Killed a centaur warrior
   545 | D        | Killed a centaur warrior
   546 | D        | Reached skill level 26 in Stealth
   568 | D        | Identified the +3 leather armour "Giycvoj" {Dex+3}
   586 | D        | Noticed an oklob plant
   588 | D        | Killed an oklob plant
   629 | D        | Reached skill level 27 in Stealth
   631 | D        | Reached skill level 1 in Fighting
   631 | D        | Reached skill level 1 in Short Blades
   642 | D        | Reached XP level 11. HP: 50/50 MP: 12/12
   649 | D        | Identified the -2 pair of boots of Enocriun {SInv}
   776 | D        | Found Ystif's Armour Shoppe.
   776 | D        | Found Cehumu's Antique Armour Shop.
   776 | D        | Found Cuemegi's Weapon Boutique.
   782 | D        | Found Kiurial's Antique Weapon Boutique.
   782 | D        | Found Ulij's Antique Weapon Emporium.
   782 | D        | Found Fuh Tirr's Antique Armour Emporium.
   792 | D        | Found Qaowus's Weapon Boutique.
   792 | D        | Found Picain's Armour Shoppe.
   792 | D        | Found Oruih's Assorted Antiques.
   792 | D        | Found Viomysus's Jewellery Emporium.
   792 | D        | Found Kut Isad's Armour Boutique.
   792 | D        | Found Bayxafoo's Distillery.
   792 | D        | Found Kaibry's General Store.
   796 | D        | Found Jeumeoc's Antique Weapon Emporium.
   799 | D        | Bought a smoky grey potion for 25 gold pieces
   799 | D        | Bought a smoky grey potion for 25 gold pieces
   799 | D        | Bought an emerald potion for 25 gold pieces
   799 | D        | Bought a scroll labelled SOALORCH NIVEA for 28 gold pieces
   799 | D        | Bought a scroll labelled XIMAITZIUT for 28 gold pieces
   799 | D        | Bought a ruby potion for 25 gold pieces
   815 | D        | Bought a scroll of identify for 34 gold pieces
   841 | D        | Bought a tattered robe for 142 gold pieces
   841 | D        | Identified the +2 robe of Happy Babbling {Int+3} (You
                  | bought it in a shop in the Dungeon)
   841 | D        | Bought a runed robe for 92 gold pieces
   869 | D        | Bought a scarf of invisibility for 168 gold pieces
   900 | D        | Found a burning altar of Makhleb.
   900 | D        | Found a viscous altar of Jiyva.
   900 | D        | Found a shimmering altar of Xom.
   900 | D        | Found a corrupted altar of Lugonu.
   917 | D        | Paralysed by a floating eye for 2 turns
   921 | D        | Paralysed by a floating eye for 2 turns
  1008 | D        | Slain by a demonic crawler

Illustrated notes

Levels and vault maps discovered:
D:        dungeon_sprint_1 [red_sonja_temple_1, red_sonja_temple_small_1]

Skill      XL: |  1  2  3  4  5  6  7  8  9 10 11 |
---------------+----------------------------------+-----
Dodging        | 4 6 8 11 12 13 15 17 18 | 18.3
Stealth        | 6 10 13 18 21 24 27 | 27.0
Evocations     | 5 7 9 12 13 15 17 18 | 18.4
Fighting       | 1 3 |  3.8
Short Blades   | 1 4 |  4.9

Action                     |  1- 3 |  4- 6 |  7- 9 | 10-12 || total
---------------------------+-------+-------+-------+-------++-------
  Melee: Club              |       |     3 |       |       ||     3
         Dagger            |       |       |   100 |    31 ||   131
         Punch             |       |       |     1 |       ||     1
         Rapier            |       |       |       |    16 ||    16
 Invoke: Call Merchant     |       |       |       |     2 ||     2
  Evoke: Wand              |     9 |    12 |       |    14 ||    35
    Use: Scroll            |       |       |       |     2 ||     2
   Stab: Sleeping          |       |       |     3 |    23 ||    26
 Armour: Robe              |       |       |       |     3 ||     3
  Dodge: Dodged            |       |     3 |       |    40 ||    43
